 Dungeon Crawl Stone Soup version 0.21.1-1-g345015fe64 (webtiles) character file.

2410 Ivernyr the Transmogrifier (level 9, 0/58 HPs)
             Began as an Octopode Transmuter on Apr 6, 2018.
             Shot with a sling bullet by Joseph (2 damage)
             ... on level 7 of the Dungeon.
             The game lasted 00:47:20 (7521 turns).

Ivernyr the Transmogrifier (Octopode Transmuter)    Turns: 7521, Time: 00:47:20

Health: 0/58       AC:  5    Str: 10    XL:     9   Next: 47%
Magic:  10/12      EV: 25    Int: 18    God:
Gold:   283        SH:  0    Dex: 17    Spells: 1/12 levels left

rFire    . . .     SeeInvis .     - Unarmed
rCold    . . .     Gourm    .   (shield currently unavailable)
rNeg     . . .     Faith    .   (helmet currently unavailable)
rPois    x         Spirit   .   j - amulet of magic regeneration
rElec    .         Reflect  .   n - +3 ring of protection
rCorr    +         Harm     .   v - ring of resist corrosion
MR       .....                  (no ring)
Stlth    ++........             (no ring)
HPRegen  0.19/turn              (no ring)
MPRegen  0.38/turn              (no ring)
                                (no ring)
                                (no ring)

@: spider-form
A: tiny, almost no armour, stealthy swim, (amphibious), 8 rings, (constrict 8)
a: End Transformation


You were on level 7 of the Dungeon.
You were not hungry.
You were a venomous arachnid creature.
You visited 1 branch of the dungeon, and saw 7 of its levels.

You collected 283 gold pieces.

Inventory:

Missiles
 a - 93 arrows
Armour
 h - a +0 hat (melded)
Jewellery
 j - an amulet of magic regeneration (around neck)
 n - a +3 ring of protection (left front leg)
 v - a ring of resist corrosion (right front leg)
Wands
 o - a wand of polymorph (22)
 u - a wand of random effects (27)
 y - a wand of paralysis (5)
Scrolls
 d - a scroll of magic mapping {unknown}
 e - 3 scrolls of teleportation
 f - a scroll of immolation
 l - 5 scrolls of remove curse
 p - 2 scrolls of fog
 w - 2 scrolls of fear
Potions
 g - 2 potions of curing
 i - a potion of brilliance
 k - a potion of magic
 m - 2 potions of flight {unknown}
 q - a potion of mutation {unknown}
 r - 2 potions of heal wounds {unknown}
 s - a potion of invisibility {unknown}
 t - a potion of cancellation {unknown}
 A - a potion of agility
 B - a potion of might
Books
 b - a book of Changes

   Spells                             Type                      Level
   a - Beastly Appendage              Transmutation                1
   b - Sticks to Snakes               Transmutation                2
   c - Spider Form                    Transmutation/Poison         3
   d - Ice Form                       Ice/Transmutation            4
   e - Blade Hands                    Transmutation                5
 x - a book of Minor Magic

   Spells                             Type                      Level
   a - Magic Dart                     Conjuration                  1
   b - Blink                          Translocation                2
   c - Call Imp                       Summoning                    2
   d - Slow                           Hexes                        2
   e - Conjure Flame                  Conjuration/Fire             3
   f - Mephitic Cloud                 Conjuration/Poison/Air       3
Comestibles
 c - 16 rations


   Skills:
 + Level 4.3 Fighting
 + Level 6.4 Dodging
 - Level 5.1 Unarmed Combat
 - Level 2.0 Spellcasting
 * Level 8.9 Transmutations
 + Level 2.7 Poison Magic


You had one spell level left.
You knew the following spells:

 Your Spells              Type           Power        Failure   Level  Hunger
a - Beastly Appendage     Tmut           ####..       3%          1    #......
b - Sticks to Snakes      Tmut           ####....     4%          2    ###....
c - Spider Form           Tmut/Pois      ###.......   14%         3    ###....
d - Blink                 Tloc           N/A          47%         2    ###....
e - Mephitic Cloud        Conj/Pois/Air  #.......     58%         3    ###....


Dungeon Overview and Level Annotations

Branches:
Dungeon (7/15)
 Temple: D:4-7

Altars:
Gozag
Kikubaaqudgha
Makhleb
Ru
Uskayaw
Xom

Annotations:
D:7 Joseph


Innate Abilities, Weirdness & Mutations

You cannot wear most types of armour.
You are very stealthy in the water. (Stealth+)
((You are amphibious.))
You can wear up to eight rings at the same time.
((You can use your tentacles to constrict eight enemies at once.))
((Your skin changes colour to match your surroundings (Stealth+).))
((Your rubbery body absorbs attacks. (AC +1, EV +1)))


Message History

It is covered in frost.
Joseph shoots a sling bullet.
The sling bullet barely misses your ball python.
The sling bullet closely misses you.
Your ball python bites Joseph but does no damage. x2
Your ball python constricts Joseph.
Joseph unwields an uncursed hunting sling of freezing.
Joseph wields an uncursed quarterstaff.
Joseph hits your ball python with an uncursed quarterstaff!
Your ball python dies!
Your ball python bites Joseph but does no damage.
Your ball python constricts Joseph.
Your ball python bites Joseph but does no damage.
Your ball python constricts Joseph.
Joseph unwields an uncursed quarterstaff.
Joseph wields an uncursed hunting sling of freezing.
It is covered in frost.
Joseph shoots a sling bullet.
The sling bullet hits you.
* * * LOW HITPOINT WARNING * * *
The sling bullet freezes you.
You die...

.........P≈♣♣####
########.P♣≈P##
#...≈♣S.#
#.##≈@..#### ###.
#.###......####.....
#†##............#
#.##..#(##.###..#
#.##..#.##......#
#..s....######o.# P
P... ####..### #.#
♣P♣...# ##...## .#
♣PPPP.## ##.....## o#
♣PP♣...# ####.......#
@.
PPPPP..###.........##
#♣.....##.####....#
+.........# #..#.###
+.........# #....[.#


You could see Joseph and a friendly ball python.

Vanquished Creatures
  Sigmund (D:4)
  Duvessa (D:4)
  An ice beast (D:7)
  A sky beast (D:6)
  2 black bears (D:6)
  2 ogres
  A crocodile (D:7)
  2 bullfrogs
  Dowan (D:4)
  4 scorpions
  A water moccasin skeleton (D:6)
  A crimson imp (D:5)
  4 howler monkeys
  A quasit (D:6)
  A bullfrog skeleton (D:4)
  4 hounds
  An orc priest (D:7)
  3 orc wizards
  2 worker ants
  Natasha (thrice) (D:2)
  An iguana (D:7)
  6 gnolls (D:6)
  13 adders
  2 river rats (D:5)
  A shadow imp (D:5)
  5 worms
  A dart slug (D:3)
  5 leopard geckos
  10 orcs
  2 ball pythons
  6 giant cockroaches
  16 goblins
  13 hobgoblins
  5 jackals
  6 quokkas
  6 bats
  7 frilled lizards
  A giant cockroach zombie (D:1)
  6 kobolds
  A leopard gecko skeleton (D:3)
  A leopard gecko zombie (D:1)
  A quokka skeleton (D:4)
  7 rats
159 creatures vanquished.

Vanquished Creatures (collateral kills)
  A water moccasin (D:5)
  A centaur (D:5)
  2 orcs (D:5)
4 creatures vanquished.

Grand Total: 163 creatures vanquished

Notes
Turn   | Place    | Note
-------+----------+-------------------------------------------
     0 | D:1      | Ivernyr the Octopode Transmuter began the quest for the Orb.
     0 | D:1      | Reached XP level 1. HP: 13/13 MP: 3/3
    75 | D:1      | Reached XP level 2. HP: 6/18 MP: 3/5
   264 | D:1      | Learned a level 2 spell: Sticks to Snakes
   894 | D:2      | Noticed Natasha
   895 | D:2      | Noticed a crimson imp
   897 | D:2      | Noticed a crimson imp
   899 | D:2      | Noticed a crimson imp
   907 | D:2      | Reached XP level 3. HP: 23/23 MP: 4/6
  1327 | D:1      | Learned a level 3 spell: Spider Form
  1334 | D:2      | Killed Natasha
  1334 | D:2      | Reached skill level 3 in Transmutations
  1341 | D:2      | Reached XP level 4. HP: 22/28 MP: 4/7
  2160 | D:2      | Noticed Natasha
  2170 | D:2      | Killed Natasha
  2232 | D:2      | Reached XP level 5. HP: 29/33 MP: 8/8
  2341 | D:2      | Noticed Natasha
  2347 | D:2      | Killed Natasha
  2347 | D:2      | Reached skill level 4 in Transmutations
  3043 | D:3      | Reached XP level 6. HP: 38/38 MP: 9/9
  3108 | D:3      | Found an ancient bone altar of Kikubaaqudgha.
  3575 | D:4      | Reached skill level 5 in Transmutations
  3653 | D:4      | Noticed Sigmund
  3664 | D:4      | Killed Sigmund
  3664 | D:4      | Reached XP level 7. HP: 19/43 MP: 10/10
  4020 | D:4      | Noticed Dowan
  4024 | D:4      | Noticed Duvessa
  4042 | D:4      | Killed Duvessa
  4042 | D:4      | Reached skill level 5 in Unarmed Combat
  4042 | D:4      | Reached skill level 6 in Transmutations
  4045 | D:4      | Killed Dowan
  4288 | D:5      | Entered Level 5 of the Dungeon
  4353 | D:5      | Reached XP level 8. HP: 33/48 MP: 6/11
  5253 | D:5      | Reached skill level 5 in Dodging
  5450 | D:5      | Reached skill level 7 in Transmutations
  5998 | D:6      | Learned a level 2 spell: Blink
  6242 | D:6      | Reached skill level 8 in Transmutations
  6267 | D:6      | Learned a level 3 spell: Mephitic Cloud
  6286 | D:6      | Reached XP level 9. HP: 54/57 MP: 10/12
  6335 | D:6      | Found a burning altar of Makhleb.
  6335 | D:6      | Found a hide-covered altar of Uskayaw.
  6413 | D:6      | Reached skill level 1 in Poison Magic
  6478 | D:6      | Found an opulent altar of Gozag.
  6479 | D:6      | Found a shimmering altar of Xom.
  6482 | D:6      | Found a sacrificial altar of Ru.
  7341 | D:7      | Noticed Joseph
  7521 | D:7      | HP: 2/58 [Joseph/sling bullet (3)]
  7521 | D:7      | Shot with a sling bullet by Joseph

Skill      XL: |  1  2  3  4  5  6  7  8  9 |
---------------+----------------------------+-----
Transmutations | 3 4 5 6 8 |  8.9
Dodging        | 3 4 5 6 |  6.4
Unarmed Combat | 4 5 |  5.1
Fighting       | 3 4 |  4.3
Poison Magic   | 2 |  2.7
Spellcasting   | |  2.0

Action                   |  1- 3 |  4- 6 |  7- 9 || total
-------------------------+-------+-------+-------++-------
Melee: Unarmed           |    58 |   185 |   239 ||   482
       Constrict         |    14 |    38 |    20 ||    72
       Tentacles         |    11 |    19 |    13 ||    43
       Kick              |     3 |    20 |    13 ||    36
       Punch             |     1 |     5 |     4 ||    10
 Cast: Beastly Appendage |     2 |    10 |     7 ||    19
       Spider Form       |     1 |     8 |    25 ||    34
       Sticks to Snakes  |       |       |     9 ||     9
  Use: Scroll            |       |       |    10 ||    10
       Potion            |       |       |     1 ||     1
 Stab: Sleeping          |     6 |     8 |     2 ||    16
  Eat: Chunk             |       |    10 |    17 ||    27
Armor: Skin              |     2 |    19 |    33 ||    54
Dodge: Dodged            |    25 |   119 |   256 ||   400
